 Dungeon Crawl Stone Soup version 0.27.1-1-g398f81649c (webtiles) character file.

Game seed: 13565847607587752359

2244 ZARRMARR the Destroyer (level 9, -4/51 HPs)
             Began as an Octopode Conjurer on Sept 12, 2021.
             Was a Follower of Sif Muna.
             Slain by an unseen horror (8 damage)
             ... on level 7 of the Dungeon.
             The game lasted 00:32:34 (10190 turns).

ZARRMARR the Destroyer (Octopode Conjurer)         Turns: 10190, Time: 00:32:34

Health: -4/51      AC:  1    Str:  7    XL:     9   Next: 37%
Magic:  8/12       EV: 14    Int: 23    God:    Sif Muna [*.....]
Gold:   256        SH:  0    Dex: 10    Spells: 9/12 levels left

rFire    . . .     SeeInvis .   e - +2 whip (venom)
rCold    . . .     Faith    .   (no shield)
rNeg     . . .     Spirit   .   (helmet restricted)
rPois    .         Reflect  .   (no amulet)
rElec    .         Harm     .   q - ring of resist corrosion
rCorr    +         Rampage  .   (no ring)
Will     .....                  (no ring)
Stlth    +++++.....             (no ring)
HPRegen  0.17/turn              (no ring)
MPRegen  0.13/turn              (no ring)
                                (no ring)
                                (no ring)

@: studying Fire Magic
A: almost no armour, amphibious, 8 rings, camouflage 1, gelatinous body 1,
(nimble swimmer 1), tentacles
a: Renounce Religion, Channel Magic


You were on level 7 of the Dungeon.
You worshipped Sif Muna.
Sif Muna was aware of your devotion.
You visited 2 branches of the dungeon, and saw 8 of its levels.

You collected 256 gold pieces.

Inventory:

Hand Weapons
 e - a +2 whip of venom (weapon)
Jewellery
 q - a ring of resist corrosion (left tentacle)
Wands
 l - a wand of flame (1)
Scrolls
 a - a scroll of blinking {unknown}
 g - a scroll of immolation
 h - a scroll of enchant weapon
 j - 2 scrolls of magic mapping
 p - a scroll of teleportation {unknown}
 t - a scroll of enchant armour {unknown}
Potions
 b - 3 potions of attraction
 c - a potion of heal wounds
 d - 3 potions of curing
 f - 2 potions of mutation {unknown}
 i - a potion of cancellation {unknown}
 k - a potion of flight {unknown}
 m - a potion of resistance {unknown}
 n - a potion of brilliance {unknown}
 o - a potion of ambrosia {unknown}
 r - a potion of invisibility {unknown}


   Skills:
 + Level 6.0 Dodging
 + Level 8.6 Stealth
 - Level 2.0 Spellcasting
 * Level 9.2 Conjurations
 + Level 3.8 Invocations


You had 9 spell levels left.
You knew the following spells:

 Your Spells              Type           Power      Damage    Failure   Level
a - Magic Dart            Conj           100%       1d8       1%          1
b - Searing Ray           Conj           88%        3d6       1%          2

Your spell library contained the following spells:

 Spells                   Type           Power      Damage    Failure   Level
 Dazzling Flash           Conj/Hex       46%        N/A       6%          3
 Blink                    Tloc           N/A        N/A       19%         2
 Fulminant Prism          Conj/Hex       11%        3d9       19%         4
 Iskenderun's Mystic Bla  Conj/Tloc      23%        2d6       19%         4
 Lesser Beckoning         Tloc           1%         N/A       36%         3
 Manifold Assault         Tloc           2%         N/A       98%         5


Dungeon Overview and Level Annotations

Branches:
Dungeon (7/15)             Temple (1/1) D:4

Altars:
Ashenzari
Cheibriados
Dithmenos
Fedhas
Gozag
Hepliaklqana
Kikubaaqudgha
Makhleb
Nemelex Xobeh
Okawaru
Qazlal
Ru
Sif Muna
Trog
Uskayaw
Vehumet
Wu Jian
Yredelemnul
Zin
The Shining One

Shops:
D:3 *   D:5 !

Annotations:
D:5 1 runed translucent door, exclusion: black bear, Crazy Yiuf
D:6 exclusion: 2 downstairs


Innate Abilities, Weirdness & Mutations

You cannot wear most types of armour.
You are amphibious.
You can wear up to eight rings at the same time.
Your skin changes colour to match your surroundings (Stealth+).
Your rubbery body absorbs attacks. (AC +1, EV +1)
((You are camouflaged near water. (Stealth+)))
You have tentacles for arms and can constrict up to eight enemies at once.


Message History

Press: ? - help, Shift-Dir - straight line
Okay, then.
Unknown command.
Something hits you. Something hits you!
There is a large open door here.
It was a potion of heal wounds.
You feel much better.
A nearby plant withers and dies.
Something hits you. Something hits you!
Aiming: Iceblast
Press: ? - help, Shift-Dir - straight line The mass of ice explodes!
The iceblast engulfs the plant!
The plant begins to die.
The plant is lightly damaged.
The iceblast engulfs something!
The now-empty wand crumbles to dust.
Something completely misses you.
Aiming: Throw Flame
Press: ? - help, Shift-Dir - straight line Something hits you.
* * * LOW HITPOINT WARNING * * *
Casting: Searing Ray (safe; 1% risk of failure)
Confirm with . or Enter, or press ? or * to list all spells.
You can't see any susceptible monsters within range! (Use Z to cast anyway.) Unknown command.
Unknown command.
Casting: Searing Ray (safe; 1% risk of failure)
Confirm with . or Enter, or press ? or * to list all spells.
Aiming: Searing Ray (safe; 1% risk of failure)
Press: ? - help, Shift-Dir - straight line (Press . to maintain the ray.)
Something hits you.
* * * LOW HITPOINT WARNING * * *
Something hits you.
* * * LOW HITPOINT WARNING * * *
A nearby plant withers and dies.
Something hits you.
* * * LOW HITPOINT WARNING * * *
Unknown command.
The searing ray hits something.
The searing ray hits the kobold!
You kill the kobold!
Sif Muna accepts your kill. Something hits you!
You die...

#>.......................
#.#######.#..............
#.......#.#####..........
#..........<.[[).........
##.#..PPP≈.##[#..........
#.#.≈≈P≈P≈≈..#..........
#.#.PP≈≈≈≈≈..##.........
#.#≈P≈≈≈♣÷...##........
###.#≈P♣≈♣♣≈≈≈.@'........
#...≈≈≈♣≈♣≈≈≈.{##........
#...≈≈≈≈♣≈♣♣≈≈...........
#..P≈≈≈≈PP≈≈♣≈)##........
##.PP≈♣P≈≈PP≈♣.P#####'###
#.P≈≈≈≈.≈#P≈≈P(##### #
##P≈≈≈P###P.≈K≈≈...#'###
#≈P≈.####.P≈♣≈≈).......
##.♣≈≈......P≈≈≈≈)......


You could see a kobold brigand.

Vanquished Creatures
  A kobold demonologist (D:7)
  2 orc warriors
  An ogre (D:7)
  2 centaurs
  A phantom (D:5)
  A kobold brigand (D:7)
  3 bullfrogs
  Blork the orc (D:4)
  3 scorpions
  A water moccasin zombie (D:7)
  A wyvern skeleton (D:6)
  A wight (D:7)
  An electric eel (D:7)
  A bullfrog zombie (D:6)
  A centaur zombie (D:5)
  2 hounds
  A bullfrog skeleton (D:6)
  Terence (D:3)
  3 iguanas
  A scorpion zombie (D:5)
  Natasha (thrice) (D:3)
  6 orc wizards
  3 howler monkey zombies
  8 gnolls
  2 howler monkey skeletons (D:6)
  4 adders
  A white imp (D:6)
  An ufetubus (D:7)
  4 worms
  2 dart slugs
  21 orcs
  4 bats
  7 endoplasms
  3 giant cockroaches
  2 goblins
  6 hobgoblins
  3 jackals (D:5)
  9 kobolds
  A quokka (D:3)
  9 ball pythons
  3 frilled lizards
  5 rats
136 creatures vanquished.

Vanquished Creatures (others)
  41 plants (D:7)
41 creatures vanquished.

Grand Total: 177 creatures vanquished

Notes
Turn   | Place    | Note
-------+----------+-------------------------------------------
     0 | D:1      | ZARRMARR the Octopode Conjurer began the quest for the Orb.
     0 | D:1      | Reached XP level 1. HP: 11/11 MP: 3/3
   181 | D:1      | Reached XP level 2. HP: 17/17 MP: 1/5
   629 | D:1      | Found a faded altar of an unknown god.
  1432 | D:1      | Found a faded altar of an unknown god.
  1520 | D:1      | Learned a level 2 spell: Searing Ray
  1662 | D:2      | Reached XP level 3. HP: 5/21 MP: 0/6
  3303 | D:3      | Found Hila's General Store.
  3388 | D:3      | Found a hide-covered altar of Uskayaw.
  3388 | D:3      | Found a faded altar of an unknown god.
  3395 | D:3      | Found a faded altar of an unknown god.
  3397 | D:3      | Found a sparkling altar of Nemelex Xobeh.
  3399 | D:3      | Found a sacrificial altar of Ru.
  3418 | D:3      | Noticed Terence
  3440 | D:3      | Reached XP level 4. HP: 27/27 MP: 3/7
  3570 | D:3      | Noticed Natasha
  3574 | D:3      | Killed Natasha
  3575 | D:3      | Reached skill level 5 in Conjurations
  4191 | D:3      | Noticed Natasha
  4194 | D:3      | Killed Natasha
  4195 | D:3      | Reached XP level 5. HP: 31/31 MP: 3/8
  4490 | D:3      | Noticed Natasha
  4494 | D:3      | Killed Natasha
  4660 | D:3      | Killed Terence
  4832 | D:4      | Found a staircase to the Ecumenical Temple.
  4851 | Temple   | Entered the Ecumenical Temple
  5138 | Temple   | Became a worshipper of Sif Muna the Loreminder
  5329 | D:4      | Reached XP level 6. HP: 36/36 MP: 1/9
  5410 | D:4      | Reached skill level 5 in Stealth
  5410 | D:4      | Reached skill level 6 in Conjurations
  6041 | D:4      | Noticed Blork the orc
  6046 | D:4      | Killed Blork the orc
  6418 | D:5      | Entered Level 5 of the Dungeon
  6426 | D:5      | Noticed a black bear
  6664 | D:5      | Reached XP level 7. HP: 41/41 MP: 3/10
  7052 | D:5      | Found Turoriph's Distillery.
  7080 | D:5      | Reached skill level 7 in Conjurations
  7207 | D:5      | Found a runed translucent door.
  7208 | D:5      | Noticed Crazy Yiuf
  7797 | D:6      | Reached * piety under Sif Muna
  7798 | D:6      | Reached XP level 8. HP: 46/46 MP: 6/11
  7946 | D:6      | HP: 2/46 [something (5)]
  8298 | D:6      | Reached skill level 1 in Invocations
  8449 | D:6      | Found a stormy altar of Qazlal.
  8738 | D:6      | Reached skill level 5 in Dodging
  9045 | D:6      | Reached skill level 8 in Conjurations
  9227 | D:6      | Found a bloodstained altar of Trog.
  9724 | D:7      | Reached XP level 9. HP: 50/51 MP: 7/12
 10072 | D:7      | Reached skill level 9 in Conjurations
 10144 | D:7      | Noticed a kobold demonologist
 10150 | D:7      | Killed a kobold demonologist
 10190 | D:7      | Slain by an unseen horror

Illustrated notes

Levels and vault maps discovered:
D:1:      wander_arrival_lonely_grave, layout_loops_ring, serial_glass,
          glass_columns_b, glass_columns_b,
          shapermc_ecumenical_altar_mp_urbaneastern
D:2:      wander_river, layout_basic
D:3:      layout_basic, chequers_temple_overflow_minitemple, serial_shops, shop,
          minmay_misc_feat_square, uniq_natasha, uniq_terence
D:4:      layout_basic, minmay_temple_entry_drinking_statues,
          hangedman_decor_slide_cut, minivault_11, uniq_blork_the_orc
D:5:      cheibrodos_iron_armory, layout_rooms, serial_shops, kennysheep_mini,
          uniq_crazy_yiuf_cottage
D:6:      layout_loops_cross, grunt_qazlal_sundering,
          mainiacjoe_overflow_tiny_flanked, minmay_door_square
D:7:      layout_basic, mainiacjoe_overflow_boulevard, serial_bayou,
          serial_bayou_lagoon_a, serial_bayou_pond_c, serial_bayou_pond_d,
          serial_bayou_pond_b, uniq_menkaure
Temple:   regret_index_temple_generic_petals

Skill      XL: |  1  2  3  4  5  6  7  8  9 |
---------------+----------------------------+-----
Stealth        | 3 4 5 6 7 8 |  8.6
Conjurations   | 5 6 7 8 9 |  9.2
Dodging        | 3 4 5 6 |  6.0
Invocations    | 3 |  3.8
Spellcasting   | |  2.0

Action                   |  1- 3 |  4- 6 |  7- 9 || total
-------------------------+-------+-------+-------++-------
Melee: Unarmed           |     4 |       |       ||     4
       Tentacles         |     2 |     1 |       ||     3
       Constrict         |     2 |     1 |       ||     3
       Whip              |     2 |     8 |     9 ||    19
 Cast: Magic Dart        |    94 |    42 |    44 ||   180
       Searing Ray       |       |    19 |    51 ||    70
Invok: Channel Magic     |       |       |     2 ||     2
Evoke: Wand              |       |     1 |    18 ||    19
  Use: Scroll            |     4 |     2 |     1 ||     7
       Potion            |       |       |     2 ||     2
Dodge: Dodged            |     6 |     6 |    19 ||    31
